[Event "*** Titled Tuesday Blitz"]
[Site "Chess.com"]
[Date "2020.05.12"]
[Round "8"]
[White "Msb2"]
[Black "FMJoseHerrera"]
[Result "1-0"]
[WhiteElo "2899"]
[BlackElo "2638"]
[TimeControl "180+1"]
[EndTime "11:32:58 PDT"]
[Termination "Msb2 won on time"]

1. d4 Nf6 2. c4 c5 3. d5 b5 4.
cxb5 a6 5. bxa6 g6 6. Nc3 Bg7 7. e4 O-O 8. a7 Rxa7 9. Nf3 Qa5 10. Bd2 Qb6 11. Be2 Ba6 12. O-O d6 13. a4 Nbd7 14.
Bb5 Rfa8 15. Qc2 Ne8 16. Bxa6 Rxa6 17. b3 Nc7 18. Rab1 Qb7 19. Be3 Rb6 20. Nd2 Rb4 21.
Na2 Rb6 22. Nc4 Rba6 23. Nc3 Nb6 24. h4 h5 25. Bg5 Ne8 26. Nb5 Qd7 27. f3 Nc8 28.
Bd2 Nf6 29. Bc3 Nb6 30. Qe2 Nc8 31. Rfd1 Nb6 32. Ba1 Kh7 33. e5 Nfxd5 34. exd6 Bxa1 35. Nxb6 Nxb6 36. Rxa1 exd6 37. Rxd6 Qf5 38. Nc7 Nd5 39.
Rxd5 Qf6 40. Re1 R8a7 41. Nxa6 Rxa6 42. Qe7 Qf4 43. Re4 Qc1+ 44. Kh2 Kg7 45. Qe5+ Kh7 46.
Rd8 1-0

[Event "*** Titled Tuesday Blitz"]
[Site "Chess.com"]
[Date "2020.05.12"]
[Round "8"]
[White "scabies1"]
[Black "petincash"]
[Result "0-1"]
[WhiteElo "2218"]
[BlackElo "2372"]
[TimeControl "180+1"]
[EndTime "11:32:58 PDT"]
[Termination "petincash won on time"]

1. e4 c5 2. Nf3 g6 3. d4 cxd4 4.
Qxd4 Nf6 5. e5 Nc6 6. Qa4 Nd5 7. Qe4 Nb6 8. Nc3 Bg7 9. Bb5 O-O 10. O-O d5 11. exd6 Bf5 12. dxe7 Nxe7 13. Qh4 Bxc2 14. Bg5 f6 15. Bd2 Nf5 16. Qh3 a6 17. Be2 Re8 18. Rac1 Bd3 19. Bxd3 Qxd3 20. Rfd1 Qc4 21. b3 Qf7 22. Bf4 Rac8 23. g4 Ne7 24. Nd4 Ned5 25. Nxd5 Nxd5 26. Bd2 Rcd8 27. Be3 Re4 28. Qf3 Rde8 29.
Bd2 Qd7 30. h3 Rxd4 31. Ba5 Ne7 32. Rxd4 Qxd4 33. Qxb7 Nd5 34. Qd7 Re7 35. Qd8+ Kf7 0-1

[Event "*** Titled Tuesday Blitz"]
[Site "Chess.com"]
[Date "2020.05.12"]
[Round "8"]
[White "TheoSlade"]
[Black "mariangie523"]
[Result "1-0"]
[WhiteElo "2268"]
[BlackElo "2059"]
[TimeControl "180+1"]
[EndTime "11:32:58 PDT"]
[Termination "TheoSlade won on time"]

1. d4 Nf6 2. c4 c5 3. d5 b5 4. cxb5 a6 5. bxa6 Bxa6 6. Nc3 d6 7. e4 Bxf1 8. Kxf1 g6 9. g3 Bg7 10. Kg2 O-O 11. Nf3 Nbd7 12. Re1 Qa5 13. a4 Rfb8 14. Qc2 Ng4 15. Bd2 Nge5 16. Nxe5 Nxe5 17. Nb5 Qb6 18. b4 cxb4 19. Bxb4 Rc8 20. Qe2 Rc4 21. Reb1 Rac8 22.
Bc3 Qc5 23. Rc1 Nd7 24. Ra3 Nb6 25. Rb1 Bxc3 26. Nxc3 Qxa3 27. Rxb6 Qxc3 28. Rb7 Qe5 29. a5 Rxe4 30. Qb5 Rc5 31. Qe8+ Kg7 32. Rb8 Kf6 33. Qh8+ Kg5 34. Qxh7 Qxd5 35. h4+ Kf6 36. Qh8+ Ke6 37. Kh2 Re2 38. Rb2 Rcc2 39. Qc8+ 1-0

[Event "*** Titled Tuesday Blitz"]
[Site "Chess.com"]
[Date "2020.05.12"]
[Round "8"]
[White "Bathory44"]
[Black "OK97"]
[Result "1/2-1/2"]
[WhiteElo "2611"]
[BlackElo "2753"]
[TimeControl "180+1"]
[EndTime "11:32:59 PDT"]
[Termination "Game drawn by repetition"]

1. e4 g6 2. d4 Bg7 3. c4 e6 4.
Nc3 Ne7 5. h4 d5 6. e5 c5 7. dxc5 Nbc6 8. h5 Qa5 9. h6 Bxe5 10.
Nf3 d4 11. Nxe5 dxc3 12. Nxc6 Nxc6 13. bxc3 Qxc3+ 14. Bd2 Qe5+ 15. Be2 O-O 16. O-O Rd8 17. Bf3 Qxc5 18. Bxc6 Qxc6 19. Qe2 f6 20. Bc3 e5 21. f4 Be6 22. Rf2 Bxc4 23. Qb2 Rd3 24. fxe5 f5 25. e6 Bxe6 26. Bb4 Qd7 27. Re1 Rd1 28. Re2 Rxe1+ 29. Rxe1 Re8 30. Qf6 Qf7 31. Qd4 a6 32.
Bc3 Kf8 33. Bb4+ Kg8 34. Bc3 Kf8 35. Qd6+ Qe7 36. Qd4 Qf7 1/2-1/2

[Event "*** Titled Tuesday Blitz"]
[Site "Chess.com"]
[Date "2020.05.12"]
[Round "8"]
[White "Mikhail_Biryukov"]
[Black "2L8IWUN"]
[Result "1-0"]
[WhiteElo "2647"]
[BlackElo "2458"]
[TimeControl "180+1"]
[EndTime "11:32:59 PDT"]
[Termination "Mikhail_Biryukov won by resignation"]

1. e4 e5 2. Nf3 Nc6 3. d4 exd4 4. Nxd4 Nf6 5. Nc3 Bb4 6. Nxc6 bxc6 7. Bd3 d5 8. exd5 O-O 9. O-O cxd5 10. Bg5 c6 11. Na4 h6 12. Bh4 Be7 13. c4 Be6 14. Qc2 Rb8 15.
Rfd1 Qa5 16. b3 Rfd8 17. Bg3 Bd6 18. Bxd6 Rxd6 19. cxd5 Nxd5 20. Qc5 Qxc5 21. Nxc5 Rbd8 22. Nb7 R6d7 23. Nxd8 Rxd8 24. Bc4 Kf8 25. Rd2 Ke7 26. Re1 Kd6 27. f4 Kc5 28. Kf2 a5 29. Kf3 g6 30.
h3 h5 31. Rc1 Kb6 32. Rd4 Kb7 33. Bd3 Kb6 34. Be4 f5 35. Bb1 Kb7 36. Re1 Rd6 37.
Bd3 Kb6 38. Bc4 Bf7 39. Kg3 Kc5 40. Rd2 Rd7 41. Re5 a4 42. Bxd5 Bxd5 43. bxa4 Kb4 44.
Kh4 Kxa4 45. Kg5 Rd6 46. Re7 Kb4 47. g3 Kc3 48. Rd1 Kc2 49. Ree1 c5 50. Rc1+ Kb2 51. Rxc5 Be4 52. Re2+ Ka3 53. Rc3+ Kb4 54. Rce3 1-0

[Event "*** Titled Tuesday Blitz"]
[Site "Chess.com"]
[Date "2020.05.12"]
[Round "8"]
[White "tacticthunder"]
[Black "Tashik"]
[Result "1-0"]
[WhiteElo "2616"]
[BlackElo "2450"]
[TimeControl "180+1"]
[EndTime "11:32:59 PDT"]
[Termination "tacticthunder won by resignation"]

1. e4 e5 2. Nf3 Nc6 3. d4 exd4 4. Nxd4 Nf6 5. Nc3 Bb4 6. Nxc6 bxc6 7. Bd3 O-O 8. O-O Re8 9. Re1 h6 10. Bd2 d6 11. h3 Rb8 12. Rb1 Nd7 13. a3 Bc5 14. Na4 Bd4 15. c3 Bf6 16. f4 c5 17. b4 cxb4 18.
cxb4 Bb7 19. Qc2 Bd4+ 20. Be3 Bxe3+ 21. Rxe3 Qf6 22. Qf2 Qd4 23. Rbe1 c5 24. Qb2 Qxb2 25. Nxb2 cxb4 26. axb4 Bc6 27. Nc4 Rxb4 28. Nxd6 Reb8 29. Bc4 Rf8 30. e5 Nb6 31. Ba2 Rxf4 32. Ra3 Na4 33.
Rc1 Bd7 34. Nxf7 Kh7 35. e6 Bb5 36. Nd6 a6 37. e7 R8f6 38. e8=Q Bxe8 39. Nxe8 Re6 40.
Bxe6 1-0

[Event "*** Titled Tuesday Blitz"]
[Site "Chess.com"]
[Date "2020.05.12"]
[Round "8"]
[White "ChessBitl"]
[Black "uchenic"]
[Result "1-0"]
[WhiteElo "2319"]
[BlackElo "2444"]
[TimeControl "180+1"]
[EndTime "11:33:00 PDT"]
[Termination "ChessBitl won by resignation"]

1. e4 e6 2. d4 d5 3. Nd2 Nf6 4. e5 Nfd7 5. c3 c5 6. Bd3 Nc6 7. Ne2 cxd4 8. cxd4 f6 9. exf6 Nxf6 10. Nf3 Bd6 11. O-O Qc7 12. a3 O-O 13. b4 a6 14. Bg5 h6 15. Bh4 Nh5 16. Bg3 Nxg3 17. hxg3 Qf7 18. Qc2 Bd7 19. Nh4 g5 20. Ng6 Rfc8 21.
Qd2 Qf6 22. f4 Nxd4 23. Nxd4 Qxd4+ 24. Kh2 Bb5 25. Ne7+ Kg7 26. Nxc8 Rxc8 27. Rad1 Rc3 28. Bxb5 Qxd2 29. Rxd2 axb5 30. Rf3 Rxf3 31. gxf3 gxf4 32. g4 Kf6 33. Kg2 Bc7 34. Rc2 Bb6 35. Rc8 e5 36. Rb8 e4 37. Rxb7 Bd4 38. Rxb5 Ke5 39. fxe4 Kxe4 40.
Rb8 f3+ 41. Kf1 Kf4 42. Rd8 Kxg4 43. Rxd5 Bc3 44. b5 Ba5 45. Rd4+ Kg3 46. Ra4 Bd8 47. Ra8 Bc7 48. Rc8 Ba5 49. Rh8 Kf4 50. Rxh6 Ke4 51.
b6 Kd4 52. b7 Bc7 53. Rh8 Kc4 54. Rc8 1-0

[Event "*** Titled Tuesday Blitz"]
[Site "Chess.com"]
[Date "2020.05.12"]
[Round "8"]
[White "Andro2"]
[Black "agrigo3"]
[Result "1-0"]
[WhiteElo "2435"]
[BlackElo "2283"]
[TimeControl "180+1"]
[EndTime "11:33:00 PDT"]
[Termination "Andro2 won by checkmate"]

1. a3 d5 2. Nf3 Nf6 3. g3 Bg4 4. Bg2 c6 5. b4 Nbd7 6. Bb2 e6 7. O-O Be7 8. d3 O-O 9. Nbd2 a5 10. c3 Qc7 11. Rc1 e5 12. e4 axb4 13. cxb4 d4 14. h3 Bxf3 15. Bxf3 c5 16. Bg2 Rfc8 17. f4 Qd8 18. b5 Nb6 19. Nc4 Nfd7 20. fxe5 Nxc4 21. Rxc4 Nxe5 22. Rc1 b6 23. Kh2 Bg5 24. Rb1 Be3 25.
a4 c4 26. dxc4 Nxc4 27. Bc1 Bxc1 28. Qxc1 Ne3 29. Qa3 Rc3 30. Qa2 Nxf1+ 31. Rxf1 Ra7 32. e5 Qg5 33. g4 Qxe5+ 34. Kh1 g6 35. a5 bxa5 36.
b6 Re7 37. b7 d3 38. Qb2 Rc2 39. b8=Q+ Qxb8 40. Qxb8+ Kg7 41. Qd6 Ree2 42. Qf6+ Kh6 43. Qf4+ Kg7 44. Qxf7+ Kh6 45. Qf8+ Kg5 46. Qf6+ Kh6 47.
Qf4+ Kg7 48. Qf8# 1-0

[Event "*** Titled Tuesday Blitz"]
[Site "Chess.com"]
[Date "2020.05.12"]
[Round "8"]
[White "Shivagami"]
[Black "Ginzburg_Yakov"]
[Result "0-1"]
[WhiteElo "2210"]
[BlackElo "2395"]
[TimeControl "180+1"]
[EndTime "11:33:00 PDT"]
[Termination "Ginzburg_Yakov won on time"]

1. d4 d5 2. Bf4 c5 3. e3 Nc6 4. c3 Nf6 5. Nd2 Qb6 6. Qb3 c4 7. Qc2 g6 8. e4 dxe4 9. Nxc4 Qd8 10.
Ne3 Bg7 11. Bc4 O-O 12. Ne2 Na5 13. Bb3 Nxb3 14. axb3 Bf5 15. O-O Nd5 16. Bg3 e6 17.
c4 Nb4 18. Qc3 Nd3 19. Rfd1 Bh6 20. d5 Bg7 21. Nd4 Qb6 22. Nec2 exd5 23. cxd5 Rac8 24.
Nxf5 Bxc3 25. Ne7+ Kg7 26. Nxc8 Rxc8 27. bxc3 f6 28.
Nd4 Rxc3 29. Ne6+ Kf7 30. b4 Rc2 31. Rf1 f5 32. Bh4 h6 33. Nc5 g5 0-1

[Event "*** Titled Tuesday Blitz"]
[Site "Chess.com"]
[Date "2020.05.12"]
[Round "8"]
[White "ZeZacarias"]
[Black "kai_nov"]
[Result "0-1"]
[WhiteElo "2056"]
[BlackElo "2254"]
[TimeControl "180+1"]
[EndTime "11:33:00 PDT"]
[Termination "kai_nov won by resignation"]

1. d4 d5 2. c4 e6 3. Nc3 c6 4.
Nf3 dxc4 5. a4 Bb4 6. e4 b5 7. Be2 Bb7 8. O-O a6 9. Qc2 Nf6 10. Bg5 h6 11. Bh4 Nbd7 12. e5 g5 13. Nxg5 hxg5 14.
Bxg5 Qc7 15. f4 Nd5 16. f5 Bxc3 17. bxc3 Nxe5 18. dxe5 Qxe5 19. g3 f6 20. Bf4 Nxf4 21. Rxf4 Qe3+ 22. Rf2 Rxh2 23. Bf3 Rxf2 24. Qxf2 Qxf2+ 25.
Kxf2 exf5 26. Rh1 O-O-O 27. Rh7 Rd7 28. Rh8+ Kc7 29. Rf8 c5 30. Bxb7 Kxb7 31. axb5 axb5 32. Rxf6 Rd2+ 33. Ke3 Rd3+ 34. Kf4 Rxc3 35. Rxf5 b4 36.
g4 b3 37. Rf7+ Kc6 38. Rf6+ Kd5 39. g5 b2 40. Rb6 Rb3 0-1

[Event "*** Titled Tuesday Blitz"]
[Site "Chess.com"]
[Date "2020.05.12"]
[Round "8"]
[White "bascheyaro"]
[Black "Gergo85"]
[Result "1/2-1/2"]
[WhiteElo "2703"]
[BlackElo "2529"]
[TimeControl "180+1"]
[EndTime "11:33:01 PDT"]
[Termination "Game drawn by repetition"]

1. d4 d5 2. c4 dxc4 3. Nc3 a6 4. Nf3 Nf6 5. g3 b5 6. Bg2 Bb7 7. O-O e6 8. Bg5 Be7 9. e3 O-O 10. a4 b4 11. Na2 a5 12. Qc1 Nbd7 13. Bxf6 Bxf6 14.
Rd1 Nb6 15. Re1 Rc8 16. Nxb4 axb4 17. a5 Nd7 18. a6 Ba8 19. Qxc4 c5 20. dxc5 Bxb2 21.
Rad1 Bc3 22. Qb5 Qf6 23. Qxd7 Bxf3 24. Bxf3 Qxf3 25. Rf1 Rxc5 26. Qe7 Rcc8 27. a7 b3 28. Rd7 b2 29. Rb7 h6 30. h4 Qe4 31. h5 Bf6 32.
Qd7 Rc1 33. Qb5 Rxf1+ 34. Kxf1 Qh1+ 35. Ke2 Qa1 36. Qb4 Qa6+ 37. Kf3 Qf1 38. Qxf8+ Kh7 39. a8=Q Qh1+ 40. Ke2 Qxh5+ 41. f3 Qh2+ 42. Kd3 Qxg3 43. Qxf7 Qd6+ 44. Ke2 Qh2+ 45. Kd3 Qd6+ 46. Ke2 Qh2+ 47.
Kd3 Qd6+ 1/2-1/2

[Event "*** Titled Tuesday Blitz"]
[Site "Chess.com"]
[Date "2020.05.12"]
[Round "8"]
[White "Baby_Shak"]
[Black "WhiteKnight2612"]
[Result "1-0"]
[WhiteElo "2484"]
[BlackElo "2664"]
[TimeControl "180+1"]
[EndTime "11:33:01 PDT"]
[Termination "Baby_Shak won on time"]

1. d4 d6 2. e4 Nf6 3. Nc3 g6 4.
f3 Bg7 5. Be3 O-O 6. Qd2 c5 7.
Nge2 cxd4 8. Nxd4 Nc6 9. O-O-O Bd7 10. h4 Rc8 11. h5 Ne5 12. Bh6 Bxh6 13. Qxh6 Rxc3 14.
bxc3 Qa5 15. hxg6 fxg6 16. Kb2 Rc8 17. Qe3 Be8 18. Nb3 Qc7 19. f4 Neg4 20. Qg3 Nxe4 21. Qxg4 Qxc3+ 22. Ka3 Rc5 23. Qe6+ Bf7 24. Qxe4 Ra5+ 25.
Qa4 Rxa4+ 26. Kxa4 Qxc2 27. Ra1 a6 28. Ka3 Qc3 29. Rc1 Qe3 30. Rh3 Qxf4 31. Rf3 Qe5 32. Bc4 d5 33. Bd3 Kg7 34. Rc2 Qd6+ 35. Kb2 e5 36. Be2 e4 37. Rf1 Qe5+ 38. Kb1 d4 39. Rc5 Qd6 40. Bc4 Be8 41. Rd5 Qg3 42. Nxd4 Qxg2 43.
Ne6+ Kh6 44. Rd2 Qh3 45. Rdd1 1-0

[Event "*** Titled Tuesday Blitz"]
[Site "Chess.com"]
[Date "2020.05.12"]
[Round "8"]
[White "stoleriu"]
[Black "Manukyan_Artak"]
[Result "1/2-1/2"]
[WhiteElo "2558"]
[BlackElo "2424"]
[TimeControl "180+1"]
[EndTime "11:33:01 PDT"]
[Termination "Game drawn by repetition"]

1. e4 c6 2. Nf3 d5 3. exd5 cxd5 4. Ne5 a6 5. d4 Nf6 6. Bd3 Nc6 7. c3 e6 8. O-O Bd6 9. Qe2 O-O 10. Nd2 Nd7 11. Ndf3 Ndxe5 12. Nxe5 Nxe5 13. dxe5 Be7 14. Be3 Bd7 15. f4 Rc8 16. Rad1 Bc5 17. Kh1 Bxe3 18. Qxe3 Bb5 19. Bxb5 axb5 20. a3 Rc4 21. Rd4 g6 22. Rfd1 Qb6 23. Kg1 Rfc8 24. Kf2 Qd8 25. g3 h5 26. Kg2 Qb6 27. Qf2 Kg7 28. h3 Rxd4 29.
Qxd4 Qd8 30. Qf2 Rc4 31. Rd4 Qc7 32. g4 hxg4 33. hxg4 g5 34. Qe3 gxf4 35. Qxf4 Rxd4 36. Qxd4 Qc4 37. Kf2 Kg6 38. Kg3 Qe2 39. Qf4 Qe1+ 40.
Kh3 Qh1+ 41. Kg3 Qe1+ 42. Kg2 Qe4+ 43. Kg3 Qe1+ 1/2-1/2

[Event "*** Titled Tuesday Blitz"]
[Site "Chess.com"]
[Date "2020.05.12"]
[Round "8"]
[White "Caisachess"]
[Black "gvanna"]
[Result "1-0"]
[WhiteElo "2325"]
[BlackElo "2453"]
[TimeControl "180+1"]
[EndTime "11:33:01 PDT"]
[Termination "Caisachess won on time"]

1. e4 c5 2. c3 d5 3. exd5 Qxd5 4. d4 Nf6 5. Nf3 Bg4 6. Nbd2 e6 7. Bc4 Qd8 8. Qb3 b6 9. Ne5 Bf5 10. Bb5+ Nbd7 11. Qa4 Bd6 12. Ndc4 Qc7 13. Nxd6+ Qxd6 14. Bf4 O-O 15. Bxd7 cxd4 16. cxd4 Nd5 17. Bg3 Qe7 18.
Bb5 f6 19. Nf3 a6 20. Bc6 b5 21. Qd1 Rac8 22. Bxd5 exd5+ 23. Kf1 Rfe8 24. Kg1 Qb4 25. Qb3 Qa5 26. h3 Be4 27. Kh2 Rc4 28. Rac1 Qb6 29. Nd2 Rxd4 30. Nxe4 Rdxe4 31. Qxd5+ Kh8 32. Qc5 Qb7 33. Qc6 Qa7 34. Rhd1 h6 35. Qc7 Qa8 36. Rd7 Rg8 37. Qb7 Qe8 38. Rcc7 Qf8 39. Qxe4 1-0

[Event "*** Titled Tuesday Blitz"]
[Site "Chess.com"]
[Date "2020.05.12"]
[Round "8"]
[White "TokChess"]
[Black "nonsopolo1"]
[Result "0-1"]
[WhiteElo "2351"]
[BlackElo "2214"]
[TimeControl "180+1"]
[EndTime "11:33:01 PDT"]
[Termination "nonsopolo1 won by resignation"]

1. d4 d5 2. Nf3 Nf6 3. Bf4 g6 4. e3 Bg7 5. h3 O-O 6. Be2 Ne4 7. O-O Nd7 8. c4 c6 9. Nc3 Ndf6 10. Be5 Nxc3 11.
bxc3 Ne4 12. Qc1 Qa5 13. Bxg7 Kxg7 14. cxd5 Nxc3 15. Qd2 Nxe2+ 16. Qxe2 cxd5 17. Rab1 a6 18. Rfc1 b5 19. Rc5 Bf5 20. Rbc1 Rfc8 21. Ne5 Rxc5 22.
dxc5 Rc8 23. c6 Qa3 24. Qd2 f6 25. Nf3 Be4 26. Nd4 Qd6 27. f3 Bf5 28. c7 Rxc7 29. Rxc7 Qxc7 30. Nxf5+ gxf5 31. Qxd5 Qc1+ 32. Kf2 Qc2+ 33.
Kg3 Qc7+ 34. Kf2 Qe5 35. Qb7 Qd6 36. Ke2 Kf7 37. e4 fxe4 38. fxe4 Qe6 39. Qxa6 Qxa6 0-1

[Event "*** Titled Tuesday Blitz"]
[Site "Chess.com"]
[Date "2020.05.12"]
[Round "8"]
[White "TengisChess"]
[Black "Ladislav1969"]
[Result "1-0"]
[WhiteElo "2499"]
[BlackElo "2349"]
[TimeControl "180+1"]
[EndTime "11:33:02 PDT"]
[Termination "TengisChess won on time"]

1. d4 Nf6 2. Nf3 g6 3. g3 Bg7 4. Bg2 O-O 5. O-O d5 6. Nc3 b6 7.
Bg5 Bb7 8. Ne5 Nbd7 9. a4 a5 10. Nxd7 Qxd7 11. Bxf6 Bxf6 12. e3 e6 13. Ne2 c5 14. c3 Rac8 15. Nf4 cxd4 16. exd4 Rc4 17. Re1 b5 18. axb5 Qxb5 19. Bf1 Qc6 20. Bxc4 dxc4 21. f3 Ra8 22. Qe2 a4 23. Kf2 g5 24. Nh5 Be7 25.
Qe4 Qxe4 26. fxe4 Bc6 27. e5 Rb8 28. Re2 a3 29. bxa3 Rb3 30. Nf6+ Kg7 31. Re3 Rb2+ 32.
Re2 Rb3 33. Rc2 Bxa3 34. g4 Bb2 35. Ra6 Bd5 36. Rd6 Bxc3 37. Rxc3 Rxc3 38. Rd8 Rc2+ 39. Ke1 Rxh2 40. Rg8+ Kh6 41. Rh8 Kg7 42. Rg8+ Kh6 43.
Rc8 Rg2 44. Rh8 Kg7 45. Rxh7+ Kg6 46. Rh8 c3 47. Rg8+ Kh6 48. Rc8 c2 49. Rc7 1-0

[Event "*** Titled Tuesday Blitz"]
[Site "Chess.com"]
[Date "2020.05.12"]
[Round "8"]
[White "RubensCezila"]
[Black "quesfr"]
[Result "1-0"]
[WhiteElo "2450"]
[BlackElo "2276"]
[TimeControl "180+1"]
[EndTime "11:33:02 PDT"]
[Termination "RubensCezila won on time"]

1. c4 e6 2. e3 d5 3. Nc3 Nf6 4. Nf3 c5 5. cxd5 exd5 6. Bb5+ Nc6 7. O-O Be7 8. d4 O-O 9. dxc5 Bxc5 10. b3 Bg4 11. Bb2 d4 12. exd4 Nxd4 13. Be2 Nxe2+ 14. Qxe2 Re8 15. Qc4 Rc8 16. Qf4 Bd6 17. Qg5 h6 18. Qb5 Bxf3 19. gxf3 Rc5 20. Qxb7 Rg5+ 21. Kh1 Re7 22.
Qc6 Rc7 23. Qa6 Qe7 24. Rfe1 Re5 25. Qf1 Qe6 26. Qg1 Qf5 27. Qg2 Qh5 28. Ne4 Rxe4 29.
Bxf6 Rxe1+ 30. Rxe1 g5 31. f4 Kh7 32. Qa8 Kg6 33. Qe4+ Kxf6 34. Qd4+ Kg6 35. Qxd6+ f6 36. f5+ Kxf5 37. Qd3+ Kg4 38. Qe4+ 1-0

[Event "*** Titled Tuesday Blitz"]
[Site "Chess.com"]
[Date "2020.05.12"]
[Round "8"]
[White "Mili_Brizzi"]
[Black "druskacik"]
[Result "0-1"]
[WhiteElo "2463"]
[BlackElo "2650"]
[TimeControl "180+1"]
[EndTime "11:33:04 PDT"]
[Termination "druskacik won by resignation"]

1. d4 d5 2. c4 e6 3. Nf3 Nf6 4. g3 dxc4 5. Bg2 a6 6. O-O Nc6 7. e3 Rb8 8. Nfd2 e5 9. Bxc6+ bxc6 10. dxe5 Ng4 11. Nxc4 Be6 12. Nbd2 Bb4 13. Qe2 Bxd2 14. Bxd2 h5 15. Bc3 h4 16. Rad1 Qg5 17. f4 Qh5 18.
gxh4 Qxh4 19. Rd2 Bxc4 20. Qxc4 Nxh2 21. Qxc6+ Kf8 22. Rg2 Nxf1 23. Qxc7 Rd8 24. Kxf1 Rh7 25. Bd4 Re8 26. Qd6+ Kg8 27. Qc6 Rf8 28. Qxa6 Qh1+ 29. Kf2 Qh4+ 30. Kf1 Qh1+ 31. Kf2 Qc1 32. Qf6 Qc2+ 33.
Kf3 Qxg2+ 34. Kxg2 gxf6 35. exf6 Rc8 36. a4 Rc2+ 37.
Kf3 Rhh2 38. Ke4 Rxb2 39. a5 Ra2 40. Bb6 Rh5 41. f5 Rh4+ 42. Ke5 Rha4 0-1

[Event "*** Titled Tuesday Blitz"]
[Site "Chess.com"]
[Date "2020.05.12"]
[Round "8"]
[White "AnthonyWirig"]
[Black "XiaoKangZhong"]
[Result "1/2-1/2"]
[WhiteElo "2566"]
[BlackElo "2413"]
[TimeControl "180+1"]
[EndTime "11:33:04 PDT"]
[Termination "Game drawn by repetition"]

1. e4 c6 2. Nf3 d5 3. Nc3 dxe4 4. Nxe4 Nf6 5. Qe2 Nxe4 6. Qxe4 Qd5 7. Qh4 Qe6+ 8. Be2 Qg4 9. Qg3 Qxg3 10. hxg3 g6 11. d4 Bg7 12. Bh6 O-O 13. O-O-O Rd8 14. Bc4 e6 15. Rh4 Nd7 16. Rdh1 Nf8 17. c3 Bxh6+ 18. Rxh6 f6 19. g4 b5 20. Bb3 a5 21. g5 a4 22. Bd1 f5 23. Ne5 Bb7 24. Bf3 Rac8 25. b4 axb3 26. axb3 b4 27. Kc2 Ba8 28. Nd3 c5 29.
Nxc5 Bxf3 30. gxf3 bxc3 31. Kxc3 e5 32. b4 Rxd4 33. Ra1 Rf4 34. Ra7 Rxf3+ 35. Kc4 Rxf2 36. Kd5 e4 37. Re7 Rc2 38. Rh1 Rd2+ 39. Ke5 Rb8 40. Ra1 Rdd8 41. Raa7 Rxb4 42. Ne6 Rb5+ 43. Kf4 Rd3 44.
Rg7+ Kh8 45. Rxh7+ Nxh7 46. Ra8+ Nf8 47. Rxf8+ Kh7 48.
Rf7+ Kg8 49. Rf8+ Kh7 50. Rf7+ Kg8 51. Rf8+ Kh7 1/2-1/2

[Event "*** Titled Tuesday Blitz"]
[Site "Chess.com"]
[Date "2020.05.12"]
[Round "8"]
[White "chessplayer9919"]
[Black "BabyBoss31"]
[Result "0-1"]
[WhiteElo "2476"]
[BlackElo "2339"]
[TimeControl "180+1"]
[EndTime "11:33:05 PDT"]
[Termination "BabyBoss31 won on time"]

1. d4 d5 2. c4 dxc4 3. e3 Nf6 4.
Bxc4 c5 5. Nf3 e6 6. O-O a6 7. a4 Nc6 8. dxc5 Bxc5 9. Qxd8+ Kxd8 10. b3 Ke7 11. Bb2 b6 12. Nc3 Bb7 13. Rac1 Rac8 14. Rfd1 Rhd8 15. Kf1 Na5 16. Ne5 Bd6 17. Rxd6 Rxd6 18. Ba3 Rc5 19. Nd3 Nxc4 20. Bxc5 bxc5 21.
Nxc5 Nd2+ 22. Ke2 Bxg2 23. b4 Bf3+ 24. Ke1 Bg4 25. b5 Nf3+ 26. Kf1 axb5 27. axb5 Nd7 28. Nxd7 Rxd7 29. Ne4 Nd2+ 30. Nxd2 Rxd2 31. b6 Rd7 32. Rb1 Rb7 33. Kg2 Bf5 34. Rb2 Kd6 35. Kf3 Kc6 36. e4 Bg6 37. Ke3 Rxb6 38. Rc2+ Kd7 39. f3 Ke7 40.
Rc7+ Kd6 41. Ra7 e5 42. Ra3 Ke6 43. Rd3 Kf6 44. Ra3 Kg5 45. Rc3 f6 46. Ra3 Rd6 47. Ra7 Kh6 48. Kf2 Rd2+ 49. Kg3 Rd3 50. Kf2 Bh5 0-1

[Event "*** Titled Tuesday Blitz"]
[Site "Chess.com"]
[Date "2020.05.12"]
[Round "8"]
[White "Soltan49"]
[Black "SHIVACalypso"]
[Result "1-0"]
[WhiteElo "2467"]
[BlackElo "2316"]
[TimeControl "180+1"]
[EndTime "11:33:05 PDT"]
[Termination "Soltan49 won on time"]

1. e4 e6 2. d4 d5 3. Nd2 Nf6 4. e5 Nfd7 5. Bd3 c5 6. c3 Nc6 7.
Ne2 cxd4 8. cxd4 f6 9. Nf4 Nxd4 10. Qh5+ Ke7 11. exf6+ Nxf6 12. Ng6+ hxg6 13. Qxh8 e5 14. Bxg6 e4 15. O-O Qd6 16. Re1 Bf5 17. Bxf5 Nxf5 18. Qh3 Nd4 19. Qc3 Nf5 20. Nf3 g6 21. Bg5 Bg7 22. Nd4 Rh8 23. h3 Kf7 24. Nxf5 gxf5 25. Rad1 Ng4 26. Qd2 Qh2+ 27. Kf1 Qh1+ 28. Ke2 Qxg2 29.
Qf4 Rxh3 30. Qxf5+ Kg8 31. Rxd5 Rd3 32. Rxd3 exd3+ 33. Kxd3 Nxf2+ 34. Kc4 Qc6+ 35. Qc5 Qxc5+ 36. Kxc5 Nd3+ 37.
Kd6 Nxe1 38. Kc7 1-0

[Event "*** Titled Tuesday Blitz"]
[Site "Chess.com"]
[Date "2020.05.12"]
[Round "8"]
[White "Sunnika"]
[Black "Konek-Gorbunok"]
[Result "0-1"]
[WhiteElo "2291"]
[BlackElo "2180"]
[TimeControl "180+1"]
[EndTime "11:33:06 PDT"]
[Termination "Konek-Gorbunok won on time"]

1. e4 c5 2. Nf3 a6 3. c3 d6 4. d4 cxd4 5. cxd4 Nf6 6. Nc3 g6 7. Be3 Bg7 8. h3 O-O 9. Be2 b5 10. a3 Bb7 11. d5 Nbd7 12. O-O Rc8 13. Bd4 Nc5 14. Nd2 e6 15. dxe6 Nxe6 16. Be3 d5 17. exd5 Nxd5 18. Nxd5 Bxd5 19. Rb1 Nd4 20. Bxd4 Bxd4 21.
Bf3 Bxf3 22. Nxf3 Bf6 23. Qb3 Qc7 24. Rbd1 Qc2 25. Qb4 Qxb2 26. Qf4 Rc4 27. Qh6 Bg7 28. Qe3 Rc3 29. Qa7 Rxa3 30. Rd7 Qf6 31. h4 h6 32. Rfd1 b4 33. h5 g5 34. Qb7 b3 35.
Qb4 Qb2 36. R7d2 Bc3 37. Rxb2 Bxb4 0-1

[Event "*** Titled Tuesday Blitz"]
[Site "Chess.com"]
[Date "2020.05.12"]
[Round "8"]
[White "AlanZhang"]
[Black "BvsN"]
[Result "1/2-1/2"]
[WhiteElo "2175"]
[BlackElo "2354"]
[TimeControl "180+1"]
[EndTime "11:33:06 PDT"]
[Termination "Game drawn by repetition"]

1. e4 c5 2. Nf3 e6 3. d4 cxd4 4.
Nxd4 Nf6 5. Bd3 Nc6 6. Nb3 d5 7. exd5 exd5 8. O-O Be7 9. Nc3 O-O 10. Bf4 Bg4 11. Qd2 Re8 12. h3 Be6 13. Nb5 Rc8 14. Rfe1 Qb6 15. c3 Red8 16. Be3 d4 17. N3xd4 Nxd4 18.
Nxd4 Qd6 19. Qe2 Nd5 20. Nxe6 Qxe6 21. Bxa7 Qxe2 22. Bxe2 Nf4 23. Bg4 Ne6 24. Bxe6 fxe6 25. Rxe6 Bf6 26. Rae1 Rd2 27. R6e2 Rxe2 28. Rxe2 Ra8 29.
Bd4 Bxd4 30. cxd4 Rxa2 31. Rd2 Kf7 32. f4 Ke6 33. d5+ Kd6 34. Kf2 h5 35. g4 Ra4 36.
Ke3 hxg4 37. hxg4 Rb4 38. g5 g6 39. Kf3 b5 40. Kg4 Rc4 41. Rd3 b4 42. b3 Rc3 43.
Rd4 Rxb3 44. f5 gxf5+ 45. Kxf5 Rf3+ 46. Kg4 Rf1 47. Rxb4 Kxd5 48. Kh5 Ke6 49. Kg6 Ke7 50. Rb7+ Kf8 51. Rb8+ Ke7 52. Kg7 Rf7+ 53. Kg8 Rf5 54. g6 Kf6 55. g7 Rg5 56. Rb6+ Ke7 57. Rb7+ Kf6 58. Rb6+ Ke7 59. Rb7+ Kf6 60. Rb6+ 1/2-1/2

[Event "*** Titled Tuesday Blitz"]
[Site "Chess.com"]
[Date "2020.05.12"]
[Round "8"]
[White "lamomiablanca"]
[Black "annacramling"]
[Result "1-0"]
[WhiteElo "2171"]
[BlackElo "1866"]
[TimeControl "180+1"]
[EndTime "11:33:06 PDT"]
[Termination "lamomiablanca won on time"]

1. e4 c5 2. Nf3 a6 3. Nc3 Nc6 4. d4 cxd4 5. Nxd4 e5 6. Nxc6 bxc6 7.
Bc4 Nf6 8. O-O Bb4 9. Bd3 O-O 10. Bd2 Be7 11. Qe2 Qc7 12. Na4 d5 13. Nc3 Bb7 14. b3 Rfe8 15. Rae1 Bd6 16. Kh1 h6 17. f3 d4 18. Na4 c5 19. Nb2 a5 20.
a4 Qe7 21. g3 Bc7 22. Nc4 Nd7 23. Kg2 Qf6 24. Kg1 Ba6 25. Rf2 Bxc4 26. Bxc4 Nb6 27.
Bb5 Red8 28. Ref1 Qe7 29. f4 exf4 30. gxf4 Nd7 31. Rg2 Nf6 32. Bd3 Kh8 33. Kh1 Nd7 34. e5 Rg8 35. Qe4 Nf8 36. Qxa8 Ng6 37. Qe4 Nf8 38.
Rfg1 Qd7 39. f5 Bd8 40. f6 g6 41. Bxh6 Qe6 42. Qh4 Nh7 43. Bg7+ Rxg7 44. fxg7+ Kxg7 45. Qxd8 Qxe5 46. Rxg6+ fxg6 47. Rxg6+ Kf7 48. Qg8+ Ke7 49.
Qxh7+ 1-0